 Dungeon Crawl Stone Soup version 0.30-a0-778-g2ef04afb54 (console) character file.

Game seed: 2198144580920604388

35 rlgrobin the Chopper (level 3, -4/31 HPs)
             Began as a Meteoran Fighter on Feb 17, 2023.
             Succumbed to a water moccasin's poison
             ... in a sewer.
             The game lasted 00:01:55 (347 turns).

rlgrobin the Chopper (Meteoran Fighter)              Turns: 347, Time: 00:01:56

Health: -4/31      AC:  6    Str: 19    XL:     3   Next: 76%
Magic:  4/4        EV:  9    Int: 10    God:
Gold:   37         SH:  5    Dex: 13    Spells: 2/2 levels left

rFire   . . .      SeeInvis .    a - +0 war axe
rCold   . . .      Faith    .    c - +0 buckler
rNeg    . . .      Spirit   .    b - +0 scale mail
rPois   .          Reflect  .    (no helmet)
rElec   .          Harm     .    (no cloak)
rCorr   .          Rampage  .    (no gloves)
Will    .....                    (no boots) Stlth
                                 (no amulet)
HPRegen 0.25/turn                (no ring)
MPRegen 0.09/turn                (no ring)

@: lethally poisoned (-4 -> -28), hasted, glowing, very quick
A: sense surroundings 1, otherworldly, glowing, explore regen
a: no special abilities


You were in a sewer.
You visited 1 branch of the dungeon, and saw 3 of its levels.
You also visited: Sewer.

You collected 37 gold pieces.

Inventory:

Hand Weapons
 a - a +0 war axe (weapon)
Armour
 b - a +0 scale mail (worn)
 c - a +0 buckler (worn)
Scrolls
 f - a scroll of fear {unknown}
 i - a scroll of teleportation {unknown}
 k - a scroll of acquirement {unknown}
Potions
 d - a potion of might
 g - a potion of cancellation
 j - a potion of heal wounds {unknown}


   Skills:
 - Level 3.2 Fighting
 + Level 4.4 Axes
 - Level 3.6 Armour
 - Level 3.6 Shields


You had 2 spell levels left.
You didn't know any spells.
Your spell library contained the following spells:

 Spells                   Type           Power      Damage    Failure   Level
 Summon Forest            Summ/Tloc      0%         N/A       100%        5
 Summon Mana Viper        Hex/Summ       0%         N/A       100%        5
 Summon Cactus Giant      Summ           0%         N/A       100%        6


Dungeon Overview and Level Annotations

Branches:
Dungeon (3/15) Zot: 1501    Sewer (1/1) Zot: 528

Altars:

Annotations:
D:3 2 transporters, ma3's ghost, amateur GrEE


Innate Abilities, Weirdness & Mutations

You passively map a small area around you.
You are easily found by Zot.
You glow in the dark.
You regain HP and MP as you explore.


Message History

The water moccasin bites you but does no damage.
You barely miss the water moccasin.
The water moccasin is moderately wounded.
You feel very sick.
The water moccasin closely misses you. x2
You slash the water moccasin!
The water moccasin is severely wounded.
You feel sick. The water moccasin barely misses you.
The water moccasin bites you.
You are too injured to fight recklessly!
You closely miss the water moccasin.
The water moccasin is severely wounded.
You feel sick. The water moccasin closely misses you.
The water moccasin completely misses you.
You closely miss the water moccasin.
The water moccasin is severely wounded.
You feel sick. The water moccasin bites you.
* * * LOW HITPOINT WARNING * * *
You are lethally poisoned!
The water moccasin poisons you! The water moccasin barely misses you.
It was a potion of haste.
You feel yourself speed up.
* * * LOW HITPOINT WARNING * * *
You feel very sick. The water moccasin bites you.
* * * LOW HITPOINT WARNING * * *
It was a potion of curing.
You feel better. The water moccasin bites you.
* * * LOW HITPOINT WARNING * * *
You are lethally poisoned!
The water moccasin poisons you!
You closely miss the water moccasin.
The water moccasin is severely wounded.
* * * LOW HITPOINT WARNING * * *
You feel very sick. The water moccasin bites you.
* * * LOW HITPOINT WARNING * * *
You are more poisoned.
The water moccasin poisons you!
You closely miss the water moccasin.
The water moccasin is severely wounded.
You die...

########
###.~....### # ,
###..~.~.....### #
*#.S@~.####~~.~.###
# #.~..~###
###...~.###
#....~.## ##.....~.
###...~, *
#.~.~.### ?.##~., *
#.~~~.### # #[ *###
~.~....### # #* *
....## # ####


You could see a water moccasin.

Vanquished Creatures
  An adder (D:2)
  2 dart slugs
  A ball python (D:3)
  2 bats (D:3)
  An endoplasm (D:2)
  A goblin (D:3)
  2 hobgoblins
  2 jackals (Sewer)
  2 quokkas (D:3)
  A frilled lizard (D:2)
  3 kobolds
  2 rats
20 creatures vanquished.

Notes
Turn   | Place    | Note
-------+----------+-------------------------------------------
     0 | D:1      | rlgrobin the Meteoran Fighter began the quest for the Orb.
     0 | D:1      | Reached XP level 1. HP: 19/19 MP: 2/2
    39 | D:1      | Reached skill level 3 in Axes
    39 | D:1      | Reached XP level 2. HP: 22/26 MP: 3/3
   132 | D:2      | Reached XP level 3. HP: 31/31 MP: 4/4
   162 | D:3      | Noticed a necrophage
   206 | D:3      | Found a transporter.
   210 | D:3      | Noticed ma3's ghost (amateur GrEE)
   211 | D:3      | Found a transporter.
   231 | D:3      | Reached skill level 4 in Axes
   255 | D:3      | Found a glowing drain.
   282 | Sewer    | Entered a sewer
   334 | Sewer    | Noticed a water moccasin
   346 | Sewer    | HP: 1/31 [water moccasin (4)]
   347 | Sewer    | Succumbed to a water moccasin's poison

Illustrated notes

Levels and vault maps discovered:
D:1:      dpeg_arrival_round_b, layout_basic
D:2:      layout_basic, kennysheep_generic_room_14
D:3:      layout_basic, chequers_temple_overflow_statue_of_worship,
          gammafunk_ghost_mausoleum, cheibrodos_sewer_entry_sluice
Sewer:    sewer_the_moccasin

Skill      XL: |  1  2  3 |
---------------+----------+-----
Axes           | 3 4 |  4.4
Fighting       | |  3.2
Armour         | |  3.6
Shields        | |  3.6

Action                     || total
---------------------------++-------
  Melee: War axe           ||    61
    Use: Scroll            ||     2
         Potion            ||     2
 Armour: Scale mail        ||    40
  Dodge: Dodged            ||    28
  Block: Buckler           ||    14

Table legend: (Time is in decaauts)
 A = Elapsed time spent in this place.
 B = Non-inter-level travel time spent in this place.
 C = Inter-level travel time spent in this place.
 D = Time resting spent in this place.
 E = Time spent auto-exploring this place.
 F = Levels seen in this place.
 G = Mean time per level.
                   A        B        C        D        E       F      G
               +--------+--------+--------+--------+--------+-----+--------+
         Total |    371 |    371 |      0 |      0 |      0 |   4 |   92.8 |
       Dungeon |    299 |    299 |      0 |      0 |      0 |   3 |   99.7 |
         Sewer |     72 |     72 |      0 |      0 |      0 |   1 |   72.0 |
               +--------+--------+--------+--------+--------+-----+--------+

Top non-repeatable levels by time:
     D:3: 149 daAuts
     D:2: 97 daAuts
   Sewer: 72 daAuts
     D:1: 52 daAuts
